 Dungeon Crawl Stone Soup version 0.24-a0-458-gfcb5e6da0e (webtiles) character file.

Game seed: 5877948984587968192

70 Cecky the Vandal (level 4, -8/29 HPs)
             Began as a Halfling Hunter on June 27, 2019.
             Killed by nerve-wracking pain
             ... invoked by an orc priest
              (13 damage)
             ... on level 3 of the Dungeon.
             The game lasted 00:03:24 (2166 turns).

Cecky the Vandal (Halfling Hunter)                  Turns: 2166, Time: 00:03:25

Health: -8/29      AC:  5    Str: 13    XL:     4   Next: 45%
Magic:  4/4        EV: 14    Int:  9    God:
Gold:   166        SH:  0    Dex: 15    Spells: 3/3 levels left

rFire    . . .     SeeInvis .   a - +1 hunting sling
rCold    . . .     Gourm    .   (shield restricted)
rNeg     . . .     Faith    .   c - +0 leather armour
rPois    .         Spirit   .   u - +0 helmet
rElec    .         Reflect  .   n - +0 cloak
rCorr    .         Harm     .   (no gloves)
MR       .....                  (no boots)
Stlth    ++........             (no amulet)
HPRegen  0.09/turn              (no ring)
MPRegen  0.09/turn              (no ring)

@: no status effects
A: small, mutation resistance 1
a: no special abilities


You were on level 3 of the Dungeon.
You were hungry.

You visited 1 branch of the dungeon, and saw 3 of its levels.

You collected 166 gold pieces.

Inventory:

Hand Weapons
 a - a +1 hunting sling (weapon)
 b - a +0 short sword
Missiles
 d - 57 sling bullets
 i - 46 stones (quivered)
 o - 16 poisoned darts
Armour
 c - a +0 leather armour (worn)
 n - a +0 cloak (worn)
 u - a +0 helmet (worn)
Jewellery
 e - an uncursed amulet of magic regeneration {unknown}
Scrolls
 g - a scroll of amnesia {unknown}
 j - 4 scrolls of identify {unknown}
 l - 6 scrolls of remove curse {unknown}
 m - 3 scrolls of teleportation {unknown}
 p - 2 scrolls of fog {unknown}
 v - a scroll of fear {unknown}
Potions
 h - a potion of brilliance {unknown}
 k - 2 potions of lignification {unknown}
 q - a potion of magic {unknown}
 s - a potion of haste {unknown}
 t - a potion of berserk rage {unknown}
Comestibles
 f - 4 rations


   Skills:
 + Level 2.0 Fighting
 + Level 7.8 Slings
 - Level 0.8 Armour
 - Level 2.2 Dodging
 + Level 1.1 Stealth


You had 3 spell levels left.
You didn't know any spells.
Your spell library was empty.

Dungeon Overview and Level Annotations

Branches:
Dungeon (3/15)

Altars:
Hepliaklqana


Innate Abilities, Weirdness & Mutations

You are small and have problems with some larger weapons.
You are somewhat resistant to further mutation.


Message History

Aim: an orc priest, wielding a +0 club and wearing a +0 leather armour (lightly wounded)
You shoot a stone. The stone hits the orc priest.
The orc priest is heavily wounded.
The orc priest misses you.
Firing (i - inventory. (/) - cycle)
i - 48 stones (quivered)
Press: ? - help, Shift-Dir - straight line, f/p - orc priest
Aim: an orc priest, wielding a +0 club and wearing a +0 leather armour (heavily wounded)
You shoot a stone.
The stone completely misses the orc priest.
The orc priest mumbles some strange prayers to Beogh against you.
Beogh smites you!
* * * LOW HITPOINT WARNING * * *
Firing (i - inventory. (/) - cycle)
i - 47 stones (quivered)
Press: ? - help, Shift-Dir - straight line, f/p - orc priest
Aim: an orc priest, wielding a +0 club and wearing a +0 leather armour (heavily wounded)
You shoot a stone. The stone hits the orc priest.
The orc priest is severely wounded.
The orc priest mumbles some strange prayers to Beogh against you.
Pain shoots through your body!
You die...

#....# #. #..#.#
. #..... ( #
###.## .#. #.#
#)# #.# #(# #.#
#o#############.#
#@##...#........#
#.#......########
#........#
###.....##
##...## #####


You could see an orc priest.

Vanquished Creatures
  An adder (D:2)
  An ooze (D:2)
  A dart slug (D:2)
  A leopard gecko (D:1)
  4 orcs (D:3)
  4 bats
  3 giant cockroaches
  4 goblins
  4 hobgoblins
  8 jackals (D:2)
  2 kobolds (D:2)
  A quokka (D:2)
  8 frilled lizards
  6 rats
48 creatures vanquished.

Vanquished Creatures (others)
  4 toadstools (D:1)
4 creatures vanquished.

Grand Total: 52 creatures vanquished

Notes
Turn   | Place    | Note
-------+----------+-------------------------------------------
     0 | D:1      | Cecky the Halfling Hunter began the quest for the Orb.
     0 | D:1      | Reached XP level 1. HP: 14/14 MP: 1/1
   189 | D:1      | Reached skill level 6 in Slings
   491 | D:1      | Reached XP level 2. HP: 19/19 MP: 2/2
   988 | D:2      | Found a hazy altar of Hepliaklqana.
  1050 | D:2      | Reached XP level 3. HP: 24/24 MP: 3/3
  1192 | D:2      | Reached skill level 7 in Slings
  1436 | D:2      | Reached XP level 4. HP: 29/29 MP: 4/4
  2166 | D:3      | Killed from afar by an orc priest

Levels and vault maps discovered:
D:1:      ldierk_water_garden, layout_loops_corners
D:2:      layout_rooms, marbit_many_paths
D:3:      layout_loops_cross, lemuel_crystal_altar, evilmike_ruin_ashenzari,
          minmay_misc_feat_iff

Skill      XL: |  1  2  3  4 |
---------------+-------------+-----
Slings         | 6 7 |  7.8
Fighting       | 2 |  2.0
Armour         | |  0.8
Dodging        | |  2.2
Stealth        | |  1.1

Action                   |  1- 3 |  4- 6 || total
-------------------------+-------+-------++-------
 Fire: Hunting sling     |   106 |    59 ||   165
  Eat: Chunk             |     1 |     2 ||     3
Armor: Leather armour    |    13 |     2 ||    15
Dodge: Dodged            |    35 |     6 ||    41

Table legend:
 A = Non-vault XP
 B = Vault XP
 C = Vault XP percentage of total XP
 D = Non-vault monster count
 E = Vault monster count
 F = Vault count percentage of total count
                 A         B        C        D         E       F
            +---------+---------+-------+---------+---------+-------
      Total |      99 |       2 |   2.0 |      47 |       1 |   2.1
            +---------+---------+-------+---------+---------+-------
        D:1 |      14 |       0 |   0.0 |       9 |       0 |   0.0
        D:2 |      62 |       2 |   3.1 |      26 |       1 |   3.7
        D:3 |      23 |       0 |   0.0 |      12 |       0 |   0.0
            +---------+---------+-------+---------+---------+-------
